 Dungeon Crawl Stone Soup version 0.14-a0-2839-g31ee8e6 (webtiles) character file.

308 Neoxx the Skirmisher (level 5, -1/42 HPs)
             Began as a Mummy Fighter on Feb 26, 2014.
             Slain by a hound zombie (3 damage)
             ... on Level 5 of the Dungeon.
             The game lasted 00:07:23 (2377 turns).

Neoxx the Skirmisher (Mummy Fighter)                Turns: 2377, Time: 00:07:23

HP  -1/42        AC  8     Str 19      XL: 5   Next: 23%
MP   5/5         EV  4     Int  7      God:
Gold 140         SH 17     Dex 12      Spells:  0 memorised,  4 levels left

rFire  x . .     SeeInvis .     a - +0 hand axe
rCold  + . .     Clarity  .     r - +0 chain mail
rNeg   + + +     Conserve .     c - +0 shield
rPois  +         rCorr    .     (no helmet)
rElec  .         rRot     +     (no cloak)
SustAb . .       Spirit   .     (no gloves)
rMut   .         Warding  .     (no boots)
Saprov . . .     Stasis   .     (no amulet)
MR     .....                    (no ring)
                                q - ring of poison resistance

@: not resistant to hostile enchantments, extremely unstealthy
A: no food or potions, fire vulnerability, restore body, cold resistance 1, life
protection 3, poison resistance, torment resistance, unbreathing
a: no special abilities


You were on level 5 of the Dungeon.
You were not hungry.

You visited 1 branch of the dungeon, and saw 5 of its levels.

You collected 140 gold pieces.

Inventory:

Hand weapons
 a - a +0,+0 hand axe (weapon)
 d - the +0,+3 dagger "Haidghitwo" {venom, MR+ SInv Stlth-}
   (You found it on level 4 of the Dungeon)

   It poisons the flesh of those it strikes.
   It affects your resistance to hostile enchantments.
   It enhances your eyesight.
   It makes you much less stealthy.
Missiles
 g - 12 needles of sleeping
 j - 2 throwing nets
 n - 16 darts (quivered)
Armour
 c - a +0 shield (worn)
 r - a +0 chain mail (worn)
Magical devices
 o - a wand of confusion (1)
Scrolls
 b - a scroll of random uselessness {unknown}
 e - a scroll of teleportation {unknown}
 f - a scroll of remove curse
 h - 2 scrolls of identify {unknown}
 i - 2 scrolls of recharging {unknown}
 k - 2 scrolls of fog {unknown}
 l - a scroll of fear {unknown}
 m - a scroll of enchant armour {unknown}
 p - 2 scrolls of enchant weapon I {unknown}
Jewellery
 q - a ring of poison resistance (left hand)
Books
 s - a book of Cantrips

   Spells                             Type                      Level
   Confusing Touch                    Hexes                        1
   Animate Skeleton                   Necromancy                   1
   Summon Small Mammal                Summoning                    1
   Apportation                        Translocation                1


   Skills:
 + Level 4.3 Fighting
 * Level 3.6 Axes
 + Level 0.4 Throwing
 - Level 2.4 Armour
 - Level 2.4 Shields


You had 4 spell levels left.
You didn't know any spells.

Dungeon Overview and Level Annotations

Branches:
Dungeon (5/16)
 Temple: D:4-7

Altars:
Yredelemnul

Shops:
D:5 ?

Annotations:
D:3 Crazy Yiuf
D:4 Psiweapon's ghost, average GrGl
D:5 yokelz's ghost, experienced FoAK


Innate Abilities, Weirdness & Mutations

You do not eat or drink.
Your flesh is vulnerable to fire.
Your flesh is cold resistant.
You are immune to negative energy.
Your system is resistant to poisons.
You are immune to unholy pain and torment.
You can survive without breathing.


Message History

You closely miss the hound.
The hound is almost dead.
The hound zombie barely misses you. The hound bites you but does no damage.
The crimson imp blinks!
The hound zombie bites you but does no damage.
You closely miss the hound.
The hound is almost dead.
You block the hound's attack. The hound zombie barely misses you.
The hound barely misses you.
Yokelz's ghost whispers, "The ORB doesn't exist."
You slash the hound!
You kill the hound!
The hound zombie bites you but does no damage.
You block the hound zombie's attack.
Found a black potion.
You see here a hound corpse.
A hobgoblin zombie comes into view.
Found 11 gold pieces.
The hound zombie bites you.
You die...

...#....%....#.#######
..........p..z.......#
####.#......#####.##.#
#.#......# #5##∩#
.......##.# #....##
#..........# #p#...###.
#.#.#####..#####.........
.#. #...$..z.#...#### #.
#.#.#.#@###$## . .# #.#
.# #.# # #.# .z. #!# #.#
... #.#


You could see yokelz's ghost, a crimson imp, a hound zombie and a hobgoblin
zombie.

Vanquished Creatures
  A hound (D:5)
  An orc wizard (D:3)
  Terence (D:3)
  2 adders
  2 worms (D:2)
  A giant gecko (D:5)
  An ooze (D:1)
  5 orcs (D:3)
  2 giant cockroaches
  12 goblins
  6 hobgoblins
  8 bats
  6 giant newts
  A gnoll skeleton (D:5)
  4 jackals (D:3)
  6 kobolds
  8 rats
67 creatures vanquished.

Notes
Turn   | Place    | Note
--------------------------------------------------------------
     0 | D:1      | Neoxx, the Mummy Fighter, began the quest for the Orb.
     0 | D:1      | Reached XP level 1. HP: 18/18 MP: 1/1
   337 | D:1      | Reached XP level 2. HP: 24/24 MP: 2/2
   968 | D:2      | Reached XP level 3. HP: 22/29 MP: 3/3
  1534 | D:3      | Reached XP level 4. HP: 34/37 MP: 4/4
  1553 | D:3      | Reached skill level 4 in Fighting
  1574 | D:3      | Noticed Terence
  1604 | D:3      | Killed Terence
  1937 | D:3      | Noticed Crazy Yiuf
  2162 | D:4      | Noticed Psiweapon's ghost (average GrGl)
  2250 | D:4      | Found a basalt altar of Yredelemnul.
  2257 | D:4      | Got a steaming dagger
  2265 | D:4      | Identified the cursed +0,+3 dagger "Haidghitwo" {venom, MR+ SInv Stlth-} (You found it on level 4 of the Dungeon)
  2277 | D:5      | Entered Level 5 of the Dungeon
  2289 | D:5      | Reached XP level 5. HP: 18/42 MP: 5/5
  2353 | D:5      | Noticed yokelz's ghost (experienced FoAK)
  2363 | D:5      | Found Usaxkaots' Magic Scroll Shop.
  2370 | D:5      | HP: 1/42 [hound (2)]
  2377 | D:5      | Slain by a hound zombie

Action                   |  1- 3 |  4- 6 || total
-------------------------+-------+-------++-------
Melee: Hand axe          |   152 |   142 ||   294
       Dagger            |       |    38 ||    38
Throw: Dart              |     3 |     5 ||     8
       Throwing net      |     1 |       ||     1
Evoke: Wand              |     1 |     9 ||    10
  Use: Scroll            |       |     1 ||     1
